 Dungeon Crawl Stone Soup version 0.22-a0-247-gbddf880 (webtiles) character file.

137 Amnesiac the Digger (level 5, 0/37 HPs)
             Began as a Formicid Earth Elementalist on Feb 23, 2018.
             Slain by a worker ant (7 damage)
             ... on level 4 of the Dungeon.
             The game lasted 00:08:34 (1963 turns).

Amnesiac the Digger (Formicid Earth Elementalist)   Turns: 1963, Time: 00:08:35

Health: 0/37       AC:  4    Str: 12    XL:     5   Next: 43%
Magic:  6/8        EV: 12    Int: 16    God:
Gold:   84         SH:  0    Dex: 11    Spells: 1/9 levels left

rFire    . . .     SeeInvis +   a - +0 dagger
rCold    . . .     Gourm    .   (no shield)
rNeg     . . .     Faith    .   m - +0 robe (curse)
rPois    .         Spirit   .   (helmet unavailable)
rElec    .         Reflect  .   p - +1 cloak
rCorr    .         Harm     .   (no gloves)
MR       .....                  (no boots)
Stlth    ++........             s - amulet of inaccuracy (curse)
HPRegen  0.12/turn              (no ring)
MPRegen  0.11/turn              (no ring)

@: no status effects
A: permanent stasis, dig shafts and tunnels, four strong arms, antennae 3
a: Dig, Shaft Self


You were on level 4 of the Dungeon.
You were hungry.

You visited 1 branch of the dungeon, and saw 4 of its levels.

You collected 84 gold pieces.

Inventory:

Hand Weapons
 a - a +0 dagger (weapon)
Missiles
 b - 83 stones (quivered)
Armour
 c - a +0 robe
 m - a cursed +0 robe (worn)
 p - a +1 cloak (worn)
Jewellery
 e - an uncursed amulet of regeneration
 f - an uncursed amulet of the gourmand {unknown}
 s - a cursed amulet of inaccuracy (around neck)
Scrolls
 d - a scroll of blinking {!r, unknown}
 g - a scroll of immolation {!r, unknown}
Potions
 h - a potion of berserk rage {!q, unknown}
 i - a potion of heal wounds {!q, unknown}
 j - 2 potions of mutation {!q, unknown}
 n - a potion of might {!q, unknown}
 o - 2 potions of curing {!q, unknown}
 r - a potion of invisibility {!q, unknown}


   Skills:
 - Level 1.0 Fighting
 - Level 2.0 Dodging
 - Level 3.0 Stealth
 - Level 2.5 Spellcasting
 * Level 3.4 Transmutations
 - Level 5.0 Earth Magic


You had one spell level left.
You knew the following spells:

 Your Spells              Type           Power        Failure   Level  Hunger
a - Sandblast             Erth           ###...       2%          1    #......
b - Passwall              Tmut/Erth      ###.......   5%          2    ##.....
e - Petrify               Tmut/Erth      ###.....     34%         4    #####..
z - Confusing Touch       Hex            #.....       21%         1    #......


Dungeon Overview and Level Annotations

Branches:
Dungeon (4/15)
 Temple: D:4-7

Altars:


Innate Abilities, Weirdness & Mutations

You cannot be hasted, slowed, berserked, paralysed or teleported.
You can dig through walls and to a lower floor.
Your four strong arms can wield two-handed weapons with a shield.
You have a pair of large antennae on your head. (SInv)


Message History

b - 84 stones Natasha claws you.
* * * LOW HITPOINT WARNING * * *
Casting: Sandblast (safe; 2% risk of failure)
Confirm with . or Enter, or press ? or * to list all spells.
Aiming: Sandblast (safe; 2% risk of failure)
Press: ? - help, Shift-Dir - straight line, f/p - Natasha
Aim: Natasha (heavily wounded)
The blast of sand hits Natasha.
You kill Natasha!
You feel Natasha's spirit has finally been put to rest.
Your Transmutations skill increases to level 3!
b - 83 stones
Casting: Sandblast (safe; 2% risk of failure)
Confirm with . or Enter, or press ? or * to list all spells.
You can't see any susceptible monsters within range! (Use Z to cast anyway.)
Casting: Sandblast (safe; 2% risk of failure)
Confirm with . or Enter, or press ? or * to list all spells.
You can't see any susceptible monsters within range! (Use Z to cast anyway.)
There is a stone staircase leading down here.
You start resting.
Eating one of 3 chunks of flesh.
You eat one of the 3 chunks of flesh.
This raw flesh tastes terrible.
Magic restored.
You start resting.
Magic restored.
You start resting.
HP restored.
You start resting.
All of the chunks of flesh in your inventory have rotted away.
HP restored.
You climb downwards.
There is a stone staircase leading up, spattered with blood here.
There is an escape hatch in the ceiling here.
f - a dented jasper amulet You now have 84 gold pieces (gained 17).
Things that are here:
a quarterstaff; an orc skeleton You see here 18 arrows.
A frilled lizard and a worker ant come into view.
A frilled lizard comes into view.
Found 15 gold pieces.
A centaur comes into view.
The worker ant twitches its antennae in your direction.
The centaur wields a shortbow.
The centaur shoots an arrow.
The arrow hits you!
Found 14 gold pieces.
The centaur shoots an arrow.
The arrow hits you!
* * * LOW HITPOINT WARNING * * *
You see here an arrow.
You extend your mandibles.
You dig through the rock wall.
You dig through the rock wall.
You dig through the rock wall.
You dig through the rock wall.
The worker ant bites you.
* * * LOW HITPOINT WARNING * * *
You dig through the rock wall.
You dig through the rock wall.
The worker ant closely misses you.
You dig through the rock wall.
You are feeling hungry.
Casting: Sandblast (safe; 2% risk of failure)
Confirm with . or Enter, or press ? or * to list all spells.
Which direction?
The worker ant bites you!
You die...

.......(....##.......#.......
###########.########.#.......
#.# #......... #.# ##........
#.# #...#####
#.##########..######
#....................
############..#####.##
#@#.#.#.#.........
##a#{#.##{........
########(........
...c..........%..
....$..........l.
...........###.##
....l........ ..
$...........## #
..............


You could see a worker ant.

Vanquished Creatures
  Natasha (thrice) (D:3)
  An orc wizard (D:3)
  An ooze (D:2)
  3 leopard geckos
  3 orcs
  A giant cockroach (D:3)
  A goblin (D:3)
  2 hobgoblins
  3 jackals (D:3)
  2 quokkas
  2 bats (D:2)
  2 frilled lizards
  A kobold (D:2)
  5 rats
30 creatures vanquished.

Notes
Turn   | Place    | Note
-------+----------+-------------------------------------------
     0 | D:1      | Amnesiac the Formicid Earth Elementalist began the quest for the Orb.
     0 | D:1      | Reached XP level 1. HP: 13/13 MP: 3/3
   180 | D:2      | Reached XP level 2. HP: 15/20 MP: 5/5
   188 | D:2      | Learned a level 2 spell: Passwall
   822 | D:2      | Reached skill level 1 in Fighting
   844 | D:2      | Reached XP level 3. HP: 18/26 MP: 6/6
  1008 | D:3      | Noticed Natasha
  1018 | D:3      | Killed Natasha
  1018 | D:3      | Reached skill level 4 in Earth Magic
  1042 | D:3      | Noticed an ice beast
  1052 | D:3      | Noticed Natasha
  1091 | D:2      | You fall through a shaft for 2 floors!
  1230 | D:4      | Reached XP level 4. HP: 23/32 MP: 5/7
  1346 | D:3      | Learned a level 1 spell: Confusing Touch
  1351 | D:3      | Learned a level 4 spell: Petrify
  1442 | D:3      | Killed Natasha
  1641 | D:4      | Reached skill level 5 in Earth Magic
  1657 | D:3      | Reached XP level 5. HP: 16/37 MP: 3/8
  1725 | D:3      | Noticed Natasha
  1739 | D:3      | Killed Natasha
  1950 | D:4      | Noticed a centaur
  1963 | D:4      | Slain by a worker ant

Vault maps used:
D:1:      minmay_arrival_four_loops, minmay_close_crescents
D:2:      kennysheep_nondescript
D:3:      marbit_many_paths, uniq_natasha, uniq_jessica, uniq_robin

Skill      XL: |  1  2  3  4  5 |
---------------+----------------+-----
Dodging        | 2 |  2.0
Fighting       | 1 |  1.0
Stealth        | 3 |  3.0
Earth Magic    | 4 5 |  5.0
Transmutations | 2 3 |  3.4
Spellcasting   | |  2.5

Action                   |  1- 3 |  4- 6 || total
-------------------------+-------+-------++-------
Melee: Unarmed           |   187 |       ||   187
       Dagger            |       |    28 ||    28
 Cast: Passwall          |     5 |     6 ||    11
       Sandblast         |     3 |    20 ||    23
 Abil: Dig               |     6 |     4 ||    10
       Shaft Self        |     1 |       ||     1
  Use: Scroll            |     5 |       ||     5
 Stab: Sleeping          |     3 |     2 ||     5
  Eat: Chunk             |     1 |     1 ||     2
       Ration            |     1 |       ||     1
Armor: Robe              |    43 |    20 ||    63
Dodge: Dodged            |   135 |    39 ||   174

Table legend:
 A = Spawn XP
 B = Non-spawn XP
 C = Spawn XP percentage of total XP
 D = Spawn monster count
 E = Non-spawn monster count
 F = Spawn count percentage of total count
 G = Total turns spent on level
                    A         B        C        D         E        F      G
               +---------+---------+-------+---------+---------+-------+---------
         Total |       0 |     196 |   0.0 |       0 |      30 |   0.0 |  1963
               +---------+---------+-------+---------+---------+-------+---------
           D:1 |       0 |       4 |   0.0 |       0 |       2 |   0.0 |   157
           D:2 |       0 |      26 |   0.0 |       0 |      13 |   0.0 |   711
           D:3 |       0 |     160 |   0.0 |       0 |      13 |   0.0 |   849
           D:4 |       0 |       6 |   0.0 |       0 |       2 |   0.0 |   246
               +---------+---------+-------+---------+---------+-------+---------
